Map: 포트 알렉산더 - 래더

Players

Krr

  • Race: Protoss Protoss
  • Spawn Location: 11:00

FanTaSy - Winner!

  • Race: Terran Terran
  • Spawn Location: 5:00

Event: IEM Season 13: Katowice (2019)

VOD

Have the link to the VOD?

Description

Time

  • Played on: Feb. 25, 2019, 5:11 a.m.
  • Length: 8:29

All games in this series

Show
View Real Time Build Order
Export as new Build Order

Krr Protoss 

Build Orders: 1 Gate Expand, Double Forge, Blink Stalkers 

Get SALT Encoding   

  12  0:00  Probe  
  13  0:12  Probe  
  14  0:18  Pylon  
  14  0:24  Probe  
  15  0:32  Probe  
  15  0:37  Gateway  
  15  0:41  Probe  
  16  0:46  Assimilator  
  17  0:51  Probe  
  18  1:03  Probe  
  19  1:15  Probe  
  20  1:24  Nexus  
  20  1:35  Cybernetics Core  
  20  1:38  Probe  
  21  1:44  Assimilator  
  21  1:51  Probe  
  22  1:54  Pylon  
  22  2:02  Stalker  
  22  2:03  Probe  
  23  2:12  Warp Gate  
  23  2:15  Probe  
  26  2:22  Twilight Council  
  26  2:27  Probe  
  27  2:33  Blink  
  27  2:34  Probe  
  27  2:37  Probe, Stalker  
  27  2:42  Probe  
  31  2:46  Probe  
  33  2:53  Probe  
  33  2:57  Probe  
  35  3:05  Probe  
  35  3:09  Probe  
  36  3:18  Probe  
  37  3:21  Probe, Robotics Facility  
  38  3:30  Probe  
  38  3:33  Probe  
  40  3:36  Gateway  
  40  3:37  Gateway  
  40  3:42  Probe  
  40  3:45  Probe  
  42  3:49  Assimilator  
  42  3:50  Pylon  
  42  3:54  Probe  
  43  3:57  Probe  
  44  4:04  Nexus  
  44  4:06  Probe  
  44  4:08  Observer  
  44  4:09  Probe  
  47  4:12  Pylon  
  47  4:19  Probe  
  47  4:21  Probe  
  49  4:30  Observer  
  49  4:31  Stalker x3  
  52  4:33  Probe x2  
  52  4:36  Pylon  
  58  4:39  Charge  
  58  4:45  Probe  
  59  4:46  Probe  
  59  4:51  Observer  
  61  4:55  Forge  
  61  4:56  Forge  
  61  4:58  Sentry  
  63  5:01  Gateway  
  63  5:03  Gateway  
  63  5:09  Gateway  
  63  5:10  Protoss Ground Weapons Level 1, Protoss Ground Armor Level 1  
  63  5:13  Gateway  
  63  5:17  Gateway  
  63  5:20  Pylon  
  63  5:23  Pylon  
  63  5:35  Zealot x2  
  65  5:37  Probe  
  65  5:40  Probe  
  65  5:41  Probe  
  70  5:43  Sentry  
  72  5:51  Probe  
  72  5:53  Probe x2  
  72  5:55  Zealot  
  72  5:56  Zealot x2  
  81  6:00  Zealot  
  83  6:05  Zealot  
  83  6:06  Probe x3  
  88  6:11  Zealot x3  
  88  6:17  Pylon  
  94  6:27  Pylon  
  94  6:30  Pylon x2  
  94  6:31  Stalker x2  
  94  6:32  Stalker  
  100  6:39  Observer  
  100  6:48  Zealot x5  
  100  6:49  Pylon  
  110  6:55  Zealot x2  
  110  6:56  Zealot  
  110  6:58  Pylon  
  110  7:01  Pylon  
  116  7:11  Zealot x4  
  124  7:18  Zealot x3  
  124  7:22  Zealot  
  124  7:32  Stalker  
  124  7:33  Stalker x2  
  126  7:37  Sentry  
  126  7:39  Zealot x3  
  121  7:56  Zealot x4  
  91  8:00  Zealot x4  
  70  8:17  Zealot x4  
  67  8:20  Zealot  
  67  8:21  Zealot x3  
Show
View Real Time Build Order
Export as new Build Order

FanTaSy Terran - Winner!

Build Orders: Reaper Expand 

Get SALT Encoding   

  12  0:00  SCV  
  13  0:13  SCV  
  14  0:17  Supply Depot  
  14  0:25  SCV  
  15  0:39  SCV  
  15  0:40  Barracks  
  16  0:44  Refinery  
  16  0:51  SCV  
  17  1:03  SCV  
  18  1:15  SCV  
  19  1:28  Reaper, Orbital Command  
  20  1:42  Command Center  
  20  1:52  Supply Depot  
  20  1:54  SCV  
  21  2:02  Barracks Reactor  
  21  2:06  Refinery, SCV  
  22  2:18  SCV  
  23  2:22  Factory  
  23  2:30  SCV  
  24  2:39  Marine x2  
  24  2:42  SCV  
  27  2:54  SCV  
  27  2:55  Orbital Command  
  27  2:56  Marine  
  27  2:57  Marine  
  30  3:06  SCV  
  30  3:07  Factory Tech Lab  
  30  3:08  Starport  
  31  3:14  Marine x2  
  31  3:18  SCV  
  34  3:21  SCV  
  35  3:30  SCV  
  35  3:32  Marine x2  
  35  3:33  SCV  
  35  3:34  Factory Tech Lab  
  39  3:35  Supply Depot  
  39  3:42  SCV  
  39  3:45  SCV  
  39  3:46  Barracks  
  41  3:49  Raven  
  41  3:51  Marine x2  
  45  3:56  Siege Tank, SCV  
  45  3:58  SCV  
  45  4:02  Supply Depot  
  50  4:06  Refinery  
  50  4:09  Marine x2  
  52  4:11  SCV x2  
  54  4:18  Barracks  
  54  4:24  SCV x2  
  56  4:28  Supply Depot  
  56  4:36  SCV x2  
  56  4:38  Engineering Bay  
  58  4:41  Stimpack  
  58  4:42  Marine x2  
  58  4:43  Marauder  
  62  4:47  Starport Reactor, Factory Reactor  
  62  4:48  Supply Depot  
  62  4:49  SCV  
  62  4:51  SCV  
  64  4:55  Supply Depot  
  64  5:01  Marine x2  
  64  5:04  Marauder, SCV x2  
  70  5:07  Terran Infantry Weapons Level 1  
  70  5:09  Refinery  
  70  5:14  Combat Shield  
  70  5:15  Marauder  
  70  5:17  Supply Depot  
  72  5:22  Supply Depot  
  72  5:23  SCV x2  
  72  5:26  Medivac  
  76  5:31  Medivac  
  78  5:36  Widow Mine  
  78  5:39  Widow Mine  
  78  5:41  Marine x2  
  78  5:42  Marauder x2  
  88  5:48  Supply Depot  
  87  5:51  Supply Depot  
  87  6:03  Marauder x2, Marine x2  
  93  6:07  Widow Mine x2  
  93  6:10  Medivac  
  99  6:14  Medivac  
  101  6:20  Marine x2  
  101  6:25  Marauder x2  
  107  6:28  Widow Mine x2  
  111  6:33  Concussive Shells, Supply Depot  
  111  6:35  Supply Depot  
  111  6:36  Command Center  
  111  6:45  Marine x2  
  111  6:46  Marauder x2  
  117  6:55  Widow Mine x2  
  117  7:00  SCV x2  
  123  7:03  Medivac x2  
  127  7:11  Marine x2  
  127  7:12  Marauder x2  
  127  7:14  SCV  
  134  7:31  SCV  
  134  7:40  Supply Depot  
  134  7:43  Supply Depot, Marine  
  134  7:47  Marine  
  134  7:48  Marauder x2, Widow Mine x2  
  134  7:50  Medivac x2  
  145  7:55  SCV x2  
  128  8:01  Marine  
  128  8:02  Orbital Command  
  125  8:05  Marine  
  125  8:08  SCV  
  122  8:13  SCV  
  122  8:17  Barracks  
  121  8:20  Barracks  

Tags
 
Add a new tag
Caveats
  • Supply blocks, unpowered buildings, or Contaminate may cause inaccurate times.
  • Supply counts are checked every 10 seconds.